Map: New Williamsberg

Players

Blubbel - Winner!

  • Race: Terran Terran
  • League: Silver
  • Spawn Location: 6:00

zod - Winner!

  • Race: Protoss Protoss
  • League: Silver
  • Spawn Location: 0:00

MasteroP - Winner!

  • Race: Zerg Zerg
  • Spawn Location: 9:00

Sarway

  • Race: Terran Terran
  • Spawn Location: 12:00

Deadway

  • Race: Protoss Protoss
  • League: Gold
  • Spawn Location: 0:00

Darkway

  • Race: Terran Terran
  • League: Gold
  • Spawn Location: 3:00

VOD

Have the link to the VOD?

Description

Time

  • Played on: Jan. 10, 2016, 9:10 a.m.
  • Length: 14:23
Show
View Real Time Build Order
Export as new Build Order

Blubbel Terran - Winner!

Build Orders:  

Get SALT Encoding   

  12  0:01  SCV  
  13  0:13  SCV  
  14  0:24  Supply Depot  
  14  0:25  SCV  
  15  0:35  Refinery  
  15  0:45  SCV  
  15  0:48  Barracks  
  16  0:57  SCV  
  17  1:09  SCV  
  18  1:22  SCV  
  19  1:38  Marine  
  20  1:55  Marine  
  20  2:13  Marine  
  18  2:31  Marine  
  16  2:49  Marine  
  17  2:51  Factory  
  17  3:07  Marine  
  18  3:40  SCV  
  19  3:47  Factory Tech Lab  
  19  3:52  SCV  
  19  3:54  Refinery  
  20  3:56  Refinery  
  20  4:04  SCV  
  20  4:10  Supply Depot  
  20  4:16  SCV  
  21  4:34  SCV  
  22  4:46  SCV  
  22  4:52  Siege Tank  
  26  4:58  SCV  
  27  5:10  SCV  
  28  5:22  SCV  
  29  5:34  SCV  
  30  5:41  Supply Depot  
  30  5:47  Orbital Command  
  30  5:50  Barracks Tech Lab  
  30  6:02  Siege Tank  
  33  6:12  Marauder  
  33  6:16  Supply Depot  
  35  6:19  SCV  
  36  6:35  Siege Tank  
  38  6:52  Engineering Bay  
  38  6:58  Starport  
  38  7:07  Siege Tank  
  41  7:36  Starport  
  41  7:38  Marauder  
  41  7:39  Siege Tank  
  41  7:42  Supply Depot  
  46  7:53  Supply Depot  
  46  8:03  Medivac  
  46  8:04  Marauder  
  50  8:10  Supply Depot  
  50  8:25  Marauder  
  52  8:35  Missile Turret  
  52  8:46  Siege Tank  
  52  8:47  Marauder  
  57  8:49  Missile Turret  
  56  9:27  Liberator x2  
  62  10:15  Widow Mine  
  64  10:24  Barracks  
  64  10:25  Barracks  
  64  10:37  Liberator  
  64  10:43  Widow Mine  
  69  11:42  Command Center  
  69  12:37  Liberator x2  
  69  12:44  Supply Depot  
  69  12:45  Supply Depot  
  69  12:47  Supply Depot  
  69  12:48  Supply Depot  
  69  13:19  Liberator x2  
Show
View Real Time Build Order
Export as new Build Order

zod Protoss - Winner!

Build Orders:  

Get SALT Encoding   

  12  0:01  Probe (Chrono Boost)  
  13  0:11  Probe (Chrono Boost)  
  14  0:19  Pylon  
  14  0:25  Probe (Chrono Boost)  
  15  0:37  Probe (Chrono Boost)  
  15  0:41  Forge  
  16  0:48  Probe (Chrono Boost)  
  17  1:10  Probe (Chrono Boost)  
  18  1:14  Gateway  
  18  1:16  Pylon  
  18  1:20  Probe (Chrono Boost)  
  18  1:23  Assimilator  
  19  1:31  Probe (Chrono Boost)  
  19  1:32  Photon Cannon  
  20  1:39  Photon Cannon  
  17  2:01  Probe (Chrono Boost)  
  14  2:11  Probe (Chrono Boost)  
  7  3:40  Nexus  
  7  4:27  Pylon  
  7  4:31  Pylon  
  7  4:41  Pylon  
  7  4:50  Photon Cannon  
  7  4:52  Photon Cannon  
  7  4:55  Photon Cannon  
  7  5:11  Photon Cannon  
  6  5:30  Probe (Chrono Boost)  
  7  5:41  Probe (Chrono Boost)  
  8  5:49  Pylon  
  8  5:52  Probe (Chrono Boost)  
  9  6:02  Probe (Chrono Boost)  
  10  6:13  Probe (Chrono Boost)  
  11  6:23  Probe (Chrono Boost)  
  12  6:34  Probe (Chrono Boost)  
  12  6:44  Probe (Chrono Boost)  
  13  6:55  Probe (Chrono Boost)  
  14  7:01  Nexus  
  14  7:05  Probe (Chrono Boost)  
  15  7:14  Cybernetics Core  
  15  7:16  Probe (Chrono Boost)  
  15  7:19  Assimilator  
  16  7:24  Assimilator  
  16  7:44  Probe (Chrono Boost)  
  17  7:52  Nexus  
  17  7:56  Probe (Chrono Boost)  
  18  8:07  Probe (Chrono Boost)  
  19  8:18  Probe (Chrono Boost)  
  19  8:48  Pylon  
  19  8:50  Photon Cannon  
  19  8:51  Probe (Chrono Boost)  
  19  9:01  Probe (Chrono Boost)  
  20  9:12  Probe (Chrono Boost)  
  21  9:19  Nexus  
  21  9:22  Probe (Chrono Boost)  
  22  9:33  Probe (Chrono Boost)  
  23  9:41  Stargate  
  23  9:44  Probe (Chrono Boost)  
  24  9:54  Probe (Chrono Boost)  
  25  10:00  Stargate  
  25  10:11  Assimilator  
  25  10:15  Assimilator  
  25  10:43  Phoenix x2  
  29  10:50  Probe x2 (Chrono Boost)  
  31  11:01  Probe x2 (Chrono Boost)  
  33  11:06  Protoss Air Weapons Level 1 (Chrono Boost)  
  33  11:12  Probe x2  
  35  11:24  Probe x2  
  37  11:31  Nexus  
  37  11:36  Probe  
  37  11:37  Probe  
  39  11:48  Probe  
  39  11:49  Probe  
  41  12:00  Probe  
  42  12:01  Probe  
  42  12:07  Void Ray  
  47  12:12  Probe  
  47  12:13  Probe  
  49  12:24  Probe  
  49  12:25  Probe  
  49  12:29  Phoenix  
  51  12:36  Probe  
  54  12:43  Probe  
  55  12:44  Pylon  
  55  12:49  Pylon  
  55  12:52  Pylon  
  54  12:59  Phoenix  
  54  13:06  Phoenix  
  52  13:18  Void Ray  
  50  13:21  Probe x2  
  56  13:29  Nexus  
  56  13:31  Void Ray, Assimilator  
  56  13:33  Probe  
  61  13:36  Assimilator  
  61  13:42  Probe  
  61  13:45  Probe  
  62  13:54  Probe  
  56  13:57  Probe  
Show
View Real Time Build Order
Export as new Build Order

MasteroP Zerg - Winner!

Build Orders: Pool First 

Get SALT Encoding   

  12  0:01  Drone  
  13  0:08  Drone  
  14  0:17  Overlord  
  14  0:35  Drone x2  
  16  0:39  Drone  
  17  0:48  Drone, Spawning Pool  
  17  0:57  Drone  
  18  1:16  Drone  
  19  1:22  Hatchery  
  19  1:25  Drone  
  19  1:35  Zergling x2  
  20  1:40  Zergling x2  
  20  1:44  Spine Crawler  
  20  1:48  Spine Crawler  
  19  2:01  Zergling x2  
  19  2:06  Spine Crawler  
  17  2:11  Spine Crawler  
  17  2:14  Drone  
  17  2:15  Drone  
  18  2:45  Spawning Pool  
  16  3:05  Overlord  
  16  3:12  Drone x5  
  21  3:24  Drone x2  
  23  3:32  Queen  
  25  3:35  Drone x2  
  27  3:54  Extractor  
  26  3:57  Extractor  
  26  3:59  Drone x4  
  26  4:02  Extractor  
  28  4:04  Extractor  
  28  4:09  Queen  
  29  4:11  Overlord  
  29  4:24  Drone x4  
  33  4:38  Drone x3  
  36  4:54  Lair  
  36  5:43  Drone x8  
  36  5:45  Overlord  
  36  5:48  Overlord  
  44  5:59  Hatchery  
  43  6:05  Spire  
  42  6:31  Drone x2  
  42  6:32  Drone x3  
  47  6:55  Overlord x3  
  47  6:56  Overlord  
  47  6:58  Drone x3  
  47  6:59  Drone x2  
  47  7:01  Overlord x4  
  52  7:16  Mutalisk  
  52  7:17  Mutalisk x5  
  52  7:22  Zerg Flyer Weapons Level 1  
  64  7:27  Mutalisk  
  64  7:28  Mutalisk  
  68  7:37  Queen  
  68  7:39  Mutalisk  
  68  7:40  Mutalisk  
  68  7:43  Mutalisk  
  76  7:46  Mutalisk  
  78  7:53  Mutalisk x2  
  78  7:56  Mutalisk  
  84  8:02  Mutalisk x2  
  84  8:05  Mutalisk  
  90  8:08  Mutalisk  
  92  8:13  Extractor  
  92  8:15  Extractor  
  90  8:40  Mutalisk x3  
  96  8:46  Drone x6  
  96  8:47  Drone x3  
  105  9:00  Mutalisk x3, Drone  
  106  9:11  Mutalisk  
  108  9:18  Drone x4  
  108  9:19  Drone  
  113  9:51  Mutalisk x4  
  121  9:53  Overlord x4  
  121  9:54  Overlord  
  121  9:55  Zerg Flyer Weapons Level 2  
  121  10:06  Overlord x3  
  121  10:13  Overlord  
  121  10:14  Drone  
  121  10:15  Drone x4  
  124  10:25  Mutalisk x5  
  124  10:26  Mutalisk  
  136  10:29  Overlord x2  
  134  10:52  Mutalisk x3  
  134  10:53  Mutalisk  
  142  11:09  Zergling x14  
  142  11:10  Zergling x2  
  150  11:38  Mutalisk x2  
  150  11:39  Mutalisk x5  
  162  11:41  Overlord  
  164  12:04  Mutalisk x4  
  150  12:49  Mutalisk  
  150  12:50  Mutalisk x6  
  150  12:51  Mutalisk  
  166  13:11  Mutalisk  
  166  13:12  Mutalisk x2  
  140  13:22  Zergling x8  
  140  13:44  Mutalisk x3  
  140  13:45  Mutalisk x2  
  140  13:46  Zergling x6  
Show
View Real Time Build Order
Export as new Build Order

Sarway Terran 

Build Orders:  

Get SALT Encoding   

  12  0:01  SCV  
  13  0:13  SCV  
  14  0:19  Supply Depot  
  14  0:25  SCV  
  15  0:40  SCV  
  16  0:52  SCV  
  17  1:04  SCV  
  3  2:23  SCV  
  3  2:40  SCV  
  4  3:03  SCV  
  5  3:23  SCV  
  6  3:47  SCV  
  6  4:01  SCV  
  7  4:13  SCV  
  8  4:26  Barracks  
  8  4:31  SCV  
  9  4:54  SCV  
  10  5:08  SCV  
  11  5:15  Marine  
  12  5:27  SCV  
  13  5:33  Marine  
  14  5:42  SCV  
  15  5:54  SCV  
  16  6:03  Marine  
  17  6:06  SCV  
  18  6:16  Barracks  
  18  6:18  SCV  
  18  6:25  Marine  
  20  6:31  Barracks  
  20  6:32  SCV  
  21  6:54  Barracks  
  21  6:56  Marine  
  22  7:04  Marine  
  23  7:13  Supply Depot  
  23  7:19  Supply Depot  
  23  7:25  Orbital Command  
  23  7:35  Marine x3  
  26  7:41  Marine  
  27  7:48  Supply Depot  
  27  7:53  Marine x3  
  30  8:00  Marine  
  31  8:10  Supply Depot  
  31  8:11  Marine x2  
  33  8:17  Marine  
  33  8:18  Marine  
  35  8:29  Marine x2  
  37  8:34  Marine  
  37  8:36  Marine  
  39  8:42  Supply Depot  
  39  8:47  Marine x2  
  41  8:52  Marine  
  41  8:53  Marine  
  43  9:04  Marine  
  43  9:05  Marine  
  45  9:10  Marine  
  45  9:11  Supply Depot, Marine  
  47  9:22  Marine x2  
  49  9:28  Marine  
  49  9:29  Marine  
  51  9:40  Marine x2  
  53  9:46  Marine  
  53  9:47  Marine  
  55  9:58  Marine x2  
  57  10:04  Marine  
  57  10:05  Marine  
  57  10:16  Marine x2  
  59  10:21  Marine  
  59  10:23  Marine  
  61  10:33  Marine  
  61  10:34  Marine  
  55  10:51  SCV  
  56  11:06  SCV  
  57  11:14  Marine x4  
  57  11:18  SCV  
  62  11:31  Marine  
  62  11:32  Marine x3  
Show
View Real Time Build Order
Export as new Build Order

Deadway Protoss 

Build Orders:  

Get SALT Encoding   

  12  0:02  Probe (Chrono Boost)  
  13  0:12  Probe (Chrono Boost)  
  14  0:18  Pylon  
  14  0:23  Probe (Chrono Boost)  
  15  0:38  Forge  
  15  0:43  Probe (Chrono Boost)  
  16  0:53  Probe (Chrono Boost)  
  18  1:04  Probe (Chrono Boost)  
  18  1:15  Probe (Chrono Boost)  
  19  1:27  Pylon  
  19  1:32  Pylon  
  19  1:37  Pylon  
  19  1:42  Pylon  
  19  1:50  Photon Cannon  
  19  1:51  Photon Cannon  
  19  2:02  Photon Cannon  
  19  2:04  Photon Cannon  
  19  2:12  Pylon  
  19  2:23  Photon Cannon  
  18  2:39  Photon Cannon  
  18  2:47  Photon Cannon  
  18  2:53  Photon Cannon  
  18  2:54  Probe (Chrono Boost)  
  19  3:10  Pylon  
  19  3:13  Photon Cannon  
  19  3:30  Photon Cannon x2  
  19  3:35  Probe (Chrono Boost)  
  20  3:43  Gateway  
  20  3:47  Assimilator  
  20  3:51  Assimilator  
  20  3:58  Probe (Chrono Boost)  
  20  4:10  Nexus  
  20  4:13  Probe (Chrono Boost)  
  21  4:30  Gateway  
  21  4:32  Cybernetics Core  
  21  4:41  Probe (Chrono Boost)  
  22  4:52  Probe (Chrono Boost)  
  23  5:02  Probe (Chrono Boost)  
  24  5:13  Probe (Chrono Boost)  
  24  5:14  Stargate  
  25  5:19  Pylon, Stargate  
  25  5:23  Probe x2 (Chrono Boost)  
  25  5:28  Assimilator  
  27  5:34  Probe x2 (Chrono Boost)  
  29  5:44  Probe (Chrono Boost)  
  29  5:45  Probe (Chrono Boost)  
  31  5:58  Void Ray (Chrono Boost)  
  35  6:09  Void Ray (Chrono Boost)  
  35  6:10  Probe  
  40  6:18  Probe  
  41  6:22  Probe  
  42  6:30  Probe  
  43  6:34  Probe  
  44  6:41  Void Ray (Chrono Boost)  
  44  6:42  Probe  
  53  6:54  Void Ray (Chrono Boost)  
  53  7:06  Pylon  
  54  7:10  Probe  
  54  7:17  Void Ray (Chrono Boost), Protoss Air Weapons Level 1 (Chrono Boost)  
  54  7:22  Probe  
  59  7:28  Stargate  
  59  7:30  Void Ray (Chrono Boost)  
  59  7:34  Probe (Chrono Boost)  
  64  7:46  Probe (Chrono Boost)  
  64  7:50  Nexus  
  65  7:56  Probe (Chrono Boost), Assimilator  
  66  8:01  Assimilator  
  65  8:16  Pylon  
  65  8:18  Pylon  
  65  8:22  Pylon  
  65  8:23  Pylon  
  65  8:25  Pylon  
  65  8:35  Void Ray  
  65  8:36  Probe (Chrono Boost)  
  65  8:40  Pylon, Void Ray x2  
  78  8:41  Pylon  
  78  8:44  Pylon  
  54  9:15  Stargate  
  54  9:17  Stargate  
  54  9:18  Void Ray  
  54  9:19  Pylon x2  
  54  9:23  Void Ray x2  
  66  9:40  Nexus  
  65  9:51  Probe (Chrono Boost)  
  63  9:59  Protoss Air Armor Level 1  
  63  10:02  Probe (Chrono Boost), Void Ray x2  
  63  10:03  Void Ray  
  63  10:04  Pylon, Stargate  
  76  10:07  Pylon  
  76  10:08  Stargate  
  76  10:12  Probe (Chrono Boost)  
  77  10:19  Void Ray  
  69  10:26  Void Ray  
  69  10:45  Void Ray  
  73  10:56  Void Ray  
  77  11:07  Void Ray  
  81  11:22  Void Ray  
  85  11:35  Void Ray  
  89  11:50  Void Ray  
  93  11:58  Void Ray  
  97  12:16  Protoss Shields Level 1 (Chrono Boost)  
  94  12:33  Void Ray  
Show
View Real Time Build Order
Export as new Build Order

Darkway Terran 

Build Orders:  

Get SALT Encoding   

  12  0:01  SCV  
  13  0:16  Supply Depot  
  13  0:17  SCV  
  14  0:30  SCV  
  15  0:42  SCV  
  16  0:54  SCV  
  17  1:06  SCV  
  6  2:40  SCV  
  7  2:52  SCV  
  8  3:04  SCV  
  9  3:16  SCV  
  8  3:28  SCV  
  8  3:50  SCV  
  7  4:18  SCV  
  8  4:30  SCV  
  8  4:42  SCV  
  9  5:35  Refinery  
  9  5:37  SCV  
  11  5:57  SCV  
  11  6:09  SCV  
  12  6:21  SCV  
  12  6:25  Refinery  
  13  6:33  SCV  
  14  6:45  SCV  
  15  6:57  SCV  
  16  7:09  SCV  
  17  7:21  SCV  
  18  7:34  SCV  
  19  7:46  SCV  
  20  7:58  SCV  
  21  8:10  SCV  
Tags
 
Add a new tag
Caveats
  • Supply blocks, unpowered buildings, or Contaminate may cause inaccurate times.
  • Supply counts are checked every 10 seconds.